Map: Rhoskallian LE

Players

Quma - Winner!

  • Race: Zerg Zerg
  • League: Diamond
  • Spawn Location: 12:00

PhenoK - Winner!

  • Race: Terran Terran
  • League: Diamond
  • Spawn Location: 11:00

qqq

  • Race: Zerg Zerg
  • Spawn Location: 5:00

Massa

  • Race: Terran Terran
  • League: Platinum
  • Spawn Location: 6:00

VOD

Have the link to the VOD?

Description

Time

  • Played on: March 8, 2021, 4:10 p.m.
  • Length: 10:50
Show
View Real Time Build Order
Export as new Build Order

Quma Zerg - Winner!

Build Orders: Hatch First, Muta Ling Bane 

Get SALT Encoding   

  12  0:01  Drone  
  13  0:14  Overlord  
  13  0:18  Drone  
  14  0:32  Drone x2  
  16  0:49  Drone  
  17  0:57  Hatchery, Extractor  
  17  0:58  Drone  
  16  1:13  Spawning Pool  
  16  1:17  Drone  
  16  1:26  Drone x2  
  18  1:56  Drone  
  18  1:57  Drone x2  
  18  2:00  Metabolic Boost  
  21  2:08  Queen  
  21  2:09  Queen  
  25  2:15  Overlord  
  25  2:39  Drone  
  25  2:40  Drone x4  
  30  2:44  Queen  
  32  2:54  Queen  
  32  2:56  Overlord  
  34  2:59  Drone  
  34  3:00  Drone  
  36  3:19  Drone  
  37  3:20  Drone x6  
  43  3:36  Hatchery  
  42  3:46  Drone  
  42  3:47  Drone  
  44  3:56  Lair  
  44  4:03  Extractor  
  44  4:04  Extractor  
  42  4:11  Drone x2  
  42  4:13  Overlord  
  42  4:15  Overlord  
  44  4:20  Overlord  
  44  4:22  Overlord  
  44  4:27  Evolution Chamber x2  
  44  4:28  Extractor  
  44  4:29  Baneling Nest  
  44  4:30  Drone x3  
  43  4:35  Drone  
  43  4:36  Drone x2  
  46  4:43  Drone  
  46  4:44  Drone x2  
  49  4:56  Queen  
  51  5:00  Drone x2  
  51  5:01  Spire  
  51  5:04  Zergling x2  
  51  5:05  Zergling x12  
  55  5:19  Centrifical Hooks  
  55  5:23  Zerg Ground Armor Level 1  
  55  5:25  Drone x7  
  62  5:32  Drone x2  
  64  5:36  Drone x2  
  64  5:37  Drone x3  
  64  5:38  Baneling  
  64  5:39  Baneling x4  
  69  5:43  Zerg Melee Weapons Level 1  
  68  5:57  Zergling x12  
  68  6:08  Zergling x20  
  78  6:17  Zergling x2  
  78  6:18  Baneling x4  
  79  6:19  Baneling  
  79  6:21  Zergling x2  
  80  6:29  Zergling x4  
  82  6:36  Queen  
  82  6:38  Queen  
  81  6:40  Queen  
  76  6:49  Baneling x2  
  75  6:55  Extractor  
  75  6:56  Extractor  
  73  7:05  Mutalisk x3  
  73  7:06  Mutalisk  
  73  7:07  Overlord x4  
  81  7:28  Baneling  
  81  7:29  Baneling x11  
  82  7:30  Hatchery, Mutalisk, Zergling x16  
  82  7:31  Mutalisk x2  
  90  7:56  Zergling x2  
  90  7:57  Zergling x20  
  90  8:05  Mutalisk  
  90  8:06  Mutalisk x2  
  96  8:17  Infestation Pit  
  94  8:32  Drone x4  
  94  8:33  Drone x8  
  105  8:46  Extractor  
  103  8:49  Extractor, Overlord x3  
  103  8:52  Overseer  
  102  9:04  Baneling  
  102  9:05  Baneling x17  
  102  9:06  Zergling x20  
  112  9:22  Mutalisk  
  112  9:23  Mutalisk x7  
  116  9:58  Mutalisk x6  
  118  10:04  Zergling x16  
  118  10:05  Zergling x16  
  125  10:31  Drone x3  
  125  10:32  Drone x8  
Show
View Real Time Build Order
Export as new Build Order

PhenoK Terran - Winner!

Build Orders:  

Get SALT Encoding   

  12  0:02  SCV  
  13  0:14  SCV  
  14  0:22  Supply Depot  
  14  0:26  SCV  
  15  0:43  SCV  
  15  0:45  Barracks  
  16  0:55  SCV  
  17  1:02  Refinery  
  17  1:07  SCV  
  18  1:32  SCV  
  18  1:48  Command Center  
  18  1:49  Orbital Command  
  18  1:51  Marine  
  18  2:13  Marine  
  19  2:17  Refinery, SCV  
  19  2:20  Factory  
  20  2:36  SCV  
  21  2:40  Barracks Reactor  
  21  2:44  Bunker  
  21  2:48  SCV  
  22  3:00  Orbital Command  
  22  3:01  SCV  
  22  3:05  Factory Tech Lab  
  23  3:08  Starport  
  23  3:13  SCV  
  23  3:17  Marine x2  
  26  3:27  Siege Tank  
  26  3:28  SCV  
  26  3:30  SCV  
  31  3:36  Refinery  
  31  3:39  Marine x2  
  33  3:46  Starport Tech Lab  
  33  3:49  SCV x2  
  33  3:55  Supply Depot  
  35  3:57  Marine x2  
  37  4:10  SCV  
  37  4:11  Supply Depot  
  37  4:16  SCV, Siege Tank  
  42  4:18  Marine  
  42  4:22  SCV  
  44  4:32  Banshee, SCV, Supply Depot  
  44  4:37  Cloaking Field  
  48  5:03  Barracks  
  48  5:05  Barracks  
  48  5:06  Command Center  
  48  5:08  Widow Mine  
  48  5:10  Marine  
  51  5:14  Widow Mine  
  51  5:19  Banshee  
  56  5:24  Stimpack  
  56  5:28  Marine  
  56  5:30  Widow Mine  
  59  5:36  Widow Mine  
  61  5:46  Marine  
  59  5:54  Marine  
  59  5:55  Marine  
  55  6:01  SCV x2  
  55  6:04  Marine  
  44  6:11  Widow Mine  
  44  6:12  Marine  
  44  6:13  SCV x2, Marine  
  48  6:21  Marine  
  46  6:30  Marine  
  46  6:31  Marine  
  48  6:39  Marine  
  50  6:41  Factory Tech Lab  
  49  6:52  Barracks Reactor  
  49  6:53  Barracks Reactor  
  49  6:57  Marine, Siege Tank  
  49  6:59  Medivac, Viking  
  57  7:03  Combat Shield  
  57  7:15  Marine  
  58  7:16  Engineering Bay  
  58  7:17  Engineering Bay  
  58  7:20  Supply Depot  
  58  7:28  Marine  
  58  7:29  Marine x3, Siege Tank  
  65  7:33  Marine  
  66  7:46  Marine  
  66  7:51  Marine  
  67  7:52  Marine x2  
  67  7:53  Marine  
  70  8:01  Siege Tank  
  70  8:04  Marine  
  74  8:08  Marine  
  74  8:09  SCV x2  
  74  8:10  Marine  
  78  8:14  Orbital Command  
  78  8:17  Marine  
  79  8:21  SCV x2  
  79  8:22  Marine  
  79  8:24  Marine  
  83  8:31  Terran Infantry Weapons Level 1  
  83  8:32  Terran Infantry Armor Level 1  
  83  8:33  Medivac  
  85  8:47  Supply Depot  
  85  8:52  Supply Depot  
  85  9:09  SCV x3, Marine x2, Siege Tank  
  93  9:13  Marine x3  
  96  9:21  SCV x2, Supply Depot  
  96  9:23  Supply Depot  
  98  9:26  Supply Depot  
  98  9:27  Marine x2, Supply Depot  
  98  9:28  Supply Depot x2  
  98  9:29  Supply Depot  
  98  9:31  Marine  
  100  9:32  Barracks  
  100  9:37  Barracks  
  101  9:40  Factory  
  101  9:42  SCV x2, Marine x2, Siege Tank  
  101  9:44  Marine  
  101  9:45  Marine  
  106  10:09  Marine  
  106  10:10  Marine x4  
  108  10:14  Siege Tank  
  105  10:27  Marine x3  
  105  10:28  SCV x3, Marine x2  
  118  10:44  Armory  
  118  10:48  Armory  
Show
View Real Time Build Order
Export as new Build Order

qqq Zerg 

Build Orders: Hatch First, Lurkers 

Get SALT Encoding   

  12  0:01  Drone  
  13  0:11  Drone  
  14  0:26  Overlord  
  14  0:50  Hatchery  
  14  1:04  Drone  
  14  1:10  Extractor  
  13  1:14  Spawning Pool  
  13  1:15  Drone  
  13  1:21  Drone  
  14  1:30  Drone x2  
  16  1:42  Drone  
  17  1:49  Drone  
  19  2:08  Drone x2  
  19  2:10  Drone, Queen  
  23  2:21  Queen  
  25  2:26  Drone  
  26  2:32  Overlord  
  26  2:37  Metabolic Boost  
  26  2:43  Drone  
  26  2:44  Drone  
  28  2:57  Drone  
  29  2:59  Drone  
  29  3:00  Drone  
  31  3:08  Drone, Evolution Chamber  
  31  3:09  Drone, Zergling x2  
  33  3:14  Drone  
  34  3:22  Drone  
  34  3:24  Drone  
  36  3:35  Overlord  
  36  3:42  Zerg Melee Weapons Level 1  
  36  3:44  Lair  
  36  3:47  Hatchery  
  35  3:48  Overlord  
  35  3:51  Zergling x2  
  35  3:54  Zergling x2  
  37  3:56  Zergling x2  
  37  4:00  Zergling x2  
  37  4:02  Zergling x2  
  40  4:03  Zergling x2  
  41  4:16  Zergling x4  
  41  4:17  Drone x2, Zergling x2  
  44  4:18  Drone  
  47  4:28  Drone, Zergling x2  
  49  4:32  Zergling x4  
  49  4:37  Drone  
  49  4:38  Overlord x2  
  52  4:44  Spore Crawler, Hydralisk Den  
  50  4:47  Drone  
  50  4:48  Drone  
  50  4:49  Extractor  
  51  4:56  Zergling x2  
  51  4:57  Zergling x6  
  55  5:05  Zergling x2  
  56  5:10  Drone x2  
  56  5:11  Zergling x2  
  59  5:18  Queen  
  61  5:21  Queen  
  61  5:27  Extractor, Drone, Hydralisk x2  
  61  5:28  Extractor, Hydralisk  
  68  5:41  Drone x3  
  68  5:42  Drone x2, Overlord  
  54  6:00  Hydralisk x2, Zergling x6  
  54  6:01  Drone x2  
  63  6:11  Zergling x4  
  63  6:12  Zergling x2  
  66  6:19  Zerg Ground Armor Level 1, Zergling x4  
  66  6:23  Drone  
  69  6:30  Hydralisk, Zergling x2  
  72  6:46  Zergling x2  
  72  6:47  Zergling x12  
  65  6:52  Zergling x4  
  69  6:55  Drone  
  70  7:01  Drone  
  70  7:02  Zergling x2  
  70  7:07  Hatchery  
  70  7:08  Hydralisk x3  
  71  7:09  Spore Crawler  
  76  7:18  Hatchery  
  76  7:21  Drone  
  76  7:25  Lurker Den  
  76  7:28  Evolution Chamber  
  74  7:33  Drone x5  
  74  7:34  Drone x2  
  75  7:54  Hydralisk x3, Zergling x8  
  78  7:58  Hydralisk  
  78  7:59  Hydralisk x2  
  78  8:06  Spore Crawler  
  78  8:07  Spore Crawler  
  78  8:09  Spore Crawler  
  78  8:10  Queen  
  78  8:12  Queen  
  77  8:13  Zerg Missile Weapons Level 1, Queen  
  77  8:15  Hydralisk  
  77  8:17  Drone  
  81  8:26  Overlord x4  
  81  8:32  Spore Crawler  
  80  8:36  Overlord  
  80  8:56  Drone x4  
  80  8:57  Drone x6  
  90  9:04  Hydralisk x3  
  90  9:06  Hydralisk  
  90  9:08  Drone x2  
  100  9:28  Drone, Spine Crawler  
  100  9:29  Drone x6, Spine Crawler  
  100  9:30  Drone  
  106  9:36  Extractor  
  106  9:37  Extractor, Lurker  
  105  9:43  Infestation Pit  
  100  9:55  Hydralisk x3  
  100  9:56  Hydralisk x2  
  95  10:03  Hydralisk  
  95  10:04  Hydralisk x5  
  86  10:26  Hydralisk x4  
  86  10:27  Zergling x8  
  86  10:28  Zergling x10  
  89  10:33  Lurker x2  
  89  10:34  Lurker  
  75  10:45  Lurker  
Show
View Real Time Build Order
Export as new Build Order

Massa Terran 

Build Orders: Gas First Reaper Expand 

Get SALT Encoding   

  12  0:00  SCV  
  13  0:12  SCV  
  14  0:20  Supply Depot  
  14  0:24  SCV  
  15  0:35  Refinery  
  15  0:42  SCV  
  16  0:45  Barracks  
  16  0:54  SCV  
  17  1:06  SCV  
  18  1:18  SCV  
  18  1:23  Supply Depot  
  19  1:32  Reaper  
  19  1:35  Orbital Command  
  20  1:56  Command Center  
  20  2:04  SCV  
  21  2:08  Supply Depot  
  21  2:20  SCV  
  22  2:26  Marine  
  22  2:29  Factory  
  23  2:32  SCV  
  24  2:44  SCV  
  24  2:50  Barracks Tech Lab  
  25  3:02  Refinery  
  25  3:08  Orbital Command  
  25  3:10  Barracks  
  25  3:11  Barracks  
  25  3:21  Barracks Tech Lab  
  25  3:22  Starport  
  25  3:30  SCV  
  26  3:37  Engineering Bay  
  26  3:38  SCV  
  26  3:40  Siege Tank  
  30  3:43  Marine  
  31  3:49  SCV  
  32  4:06  Barracks Reactor, Barracks Tech Lab  
  32  4:08  SCV  
  32  4:09  Refinery, SCV  
  34  4:16  Marine  
  35  4:25  Raven  
  35  4:26  Marine  
  38  4:33  Marine  
  38  4:34  Missile Turret  
  39  4:43  Stimpack  
  39  4:44  Marine x3  
  42  4:47  Widow Mine  
  42  4:51  Marine  
  45  4:53  SCV x2  
  45  4:57  Missile Turret  
  47  5:02  Marine x3  
  47  5:05  SCV x2  
  52  5:08  Medivac  
  54  5:25  Barracks Tech Lab  
  54  5:32  Supply Depot  
  54  5:34  Supply Depot  
  54  5:35  Supply Depot  
  54  5:37  Marine x3, Siege Tank  
  60  5:54  Marine x3  
  54  6:20  Marauder x2, Marine x2  
  60  6:38  Marine x2  
  53  6:41  Marauder x2  
  54  6:52  Combat Shield  
  54  6:54  Siege Tank  
  57  6:55  Raven  
  57  6:56  Marine  
  57  6:59  Marine  
  61  7:02  SCV x2, Marauder  
  61  7:03  Marauder  
  67  7:14  SCV, Marine  
  69  7:16  Marine  
  70  7:23  Barracks  
  70  7:24  Marauder x2  
  70  7:25  Concussive Shells  
  70  7:28  Barracks  
  74  7:30  Command Center  
  74  7:31  Marine  
  74  7:34  Marine  
  76  7:45  Marine  
  69  7:58  Marauder, Marine x2  
  68  8:03  Marauder  
  61  8:10  Missile Turret  
  61  8:11  Missile Turret  
  61  8:15  Marine  
  61  8:16  Marine  
  61  8:17  Missile Turret  
  61  8:18  Missile Turret x2  
  61  8:19  Missile Turret  
  63  8:20  Terran Infantry Weapons Level 1  
  62  8:32  Marauder x2  
  66  8:37  Barracks Reactor  
  66  8:52  Planetary Fortress  
  66  8:54  SCV x2  
  68  8:59  Missile Turret  
  68  9:06  SCV  
  68  9:08  Siege Tank  
  70  9:13  SCV  
  71  9:18  SCV  
  72  9:25  SCV  
  72  9:27  Missile Turret  
  72  9:31  SCV  
  74  9:35  Missile Turret  
  74  9:37  SCV  
  75  9:38  Engineering Bay  
  75  9:39  Armory  
  65  9:48  Marauder x2, Marine  
  68  9:54  Siege Tank  
  68  9:58  Missile Turret  
  49  10:08  Marine  
  49  10:10  Marauder x2, Medivac  
  52  10:29  Barracks x2  
  52  10:30  Marine x3  
  52  10:31  Barracks  
  52  10:32  Barracks  
Tags
 
Add a new tag
Caveats
  • Supply blocks, unpowered buildings, or Contaminate may cause inaccurate times.
  • Supply counts are checked every 10 seconds.